 Dungeon Crawl Stone Soup version 0.25-b1-46-gb8a1ec05df (webtiles) character file.

Game seed: 7741100955570839826

293 Froggeryz the Firebug (level 6, -14/32 HPs)
             Began as a Deep Elf Fire Elementalist on June 9, 2020.
             Demolished by a small abomination (15 damage)
             ... on level 3 of the Dungeon.
             The game lasted 00:07:18 (3447 turns).

Froggeryz the Firebug (Deep Elf Fire Elementalist)  Turns: 3447, Time: 00:07:20

Health: -14/32     AC:  3    Str:  6    XL:     6   Next: 11%
Magic:  3/12       EV: 12    Int: 21    God:
Gold:   162        SH:  0    Dex: 15    Spells: 6/11 levels left

rFire    . . .     SeeInvis .   r - +0 falchion
rCold    . . .     Gourm    .   (no shield)
rNeg     . . .     Faith    .   a - +0 robe
rPois    .         Spirit   .   j - +0 helmet
rElec    .         Reflect  .   (no cloak)
rCorr    .         Harm     .   (no gloves)
MR       .....                  (no boots)
Stlth    +.........             (no amulet)
HPRegen  0.10/turn              (no ring)
MPRegen  0.13/turn              (no ring)

@: about to teleport, hasted, glowing, drained, very quick
A: no striking features
a: no special abilities


You were on level 3 of the Dungeon.
You were not hungry.

You visited 1 branch of the dungeon, and saw 3 of its levels.

You collected 162 gold pieces.

Inventory:

Hand Weapons
 r - a +0 falchion (weapon)
Missiles
 n - 22 poisoned darts (quivered)
Armour
 a - a +0 robe (worn)
 j - a +0 helmet (worn)
Wands
 e - a wand of polymorph (8)
Scrolls
 b - a scroll of noise {unknown}
 d - 4 scrolls of identify
 f - a scroll of fog {unknown}
 g - 2 scrolls of teleportation
 i - 3 scrolls of enchant armour {unknown}
 m - 2 scrolls of remove curse {unknown}
 o - a scroll of enchant weapon {unknown}
Potions
 h - a potion of flight {unknown}
 k - a potion of degeneration {unknown}
 l - 2 potions of magic
Comestibles
 c - 4 rations


   Skills:
 - Level 2.4(1.7) Dodging
 - Level 2.4(1.7) Stealth
 - Level 3.0(2.2) Spellcasting
 + Level 3.9(3.1) Conjurations
 * Level 6.4(5.7) Fire Magic


You had 6 spell levels left.
You knew the following spells:

 Your Spells              Type           Power        Failure   Level  Hunger
a - Foxfire               Conj/Fire      ###.         2%          1    #......
b - Sticky Flame          Conj/Fire      ###.....     22%         4    #####..

Your spell library contained the following spells:

 Spells                   Type           Power        Failure   Level  Hunger
 Conjure Flame            Conj/Fire      ###.....     7%          3    ###....
 Inner Flame              Hex/Fire       ##......     13%         3    ###....
 Fireball                 Conj/Fire      ###.......   54%         5    ######.


Dungeon Overview and Level Annotations

Branches:
Dungeon (3/15)

Altars:
Elyvilon
Gozag
Nemelex Xobeh

Portals:
Abyss: D:3

Annotations:
D:3 ijan1's ghost, amateur SpEn


Message History

l - 2 potions of magic The small abomination burns!
Ijan1's ghost hits you but does no damage.
You feel drained. The iron imp closely misses you.
The small abomination hits you.
Unknown command.
As you read the scroll labeled KYGAIV MUNOCEWIU, it crumbles to dust.
You feel strangely unstable.
It was a scroll of teleportation.
The small abomination burns!
Ijan1's ghost closely misses you. The iron imp barely misses you.
The small abomination hits you!
Ouch! That really hurt!
* * * LOW HITPOINT WARNING * * *
It was a potion of haste.
You feel yourself speed up.
The small abomination burns!
Ijan1's ghost hits you.
* * * LOW HITPOINT WARNING * * *
You feel drained. The iron imp closely misses you.
You riposte.
You hit the iron imp.
The iron imp is moderately wounded.
The small abomination hits you!
You die...

# #.# #..####.......###...##
# #.# ##.##.###...### ##...#
###.### #.##...##..# #.#.#
......###..#..#.#####..##.#.#
.##.#.....##:..#.©....##..#.#
.##.#.#..##.###...#..##..#..#
.##.#.##.#.. #..g..§=#.....##
......##.##.##.####.∩###...#
##...###..##..##@####..##..#
#.#.#.##..##..#W5x.##.#g#..#
.##.##...##.#.###...##..#..#
#.#.#....#.##..^##..##.##..##
##...##..##...#.©#..#..#....#
##.###...####..##..##$#..#.#
#.# ###....####....###..#.#
#.# ###...##..##......#.# #.#
###....########.#.#


You could see a small abomination (burning), an iron imp, ijan1's ghost and a
gnoll.

Vanquished Creatures
  An orc priest (D:3)
  2 orc wizards (D:3)
  Jessica (D:2)
  Robin (D:2)
  6 adders
  A shadow imp (D:3)
  2 oozes
  A worm (D:2)
  A dart slug (D:2)
  2 leopard geckos
  10 orcs (D:3)
  4 bats
  5 giant cockroaches
  18 goblins
  10 hobgoblins
  A quokka (D:2)
  A ball python (D:2)
  3 frilled lizards (D:1)
  8 kobolds
  6 rats
84 creatures vanquished.

Vanquished Creatures (collateral kills)
  A goblin (D:1)
1 creature vanquished.

Vanquished Creatures (others)
  169 foxfires
169 creatures vanquished.

Grand Total: 254 creatures vanquished

Notes
Turn   | Place    | Note
-------+----------+-------------------------------------------
     0 | D:1      | Froggeryz the Deep Elf Fire Elementalist began the quest
                  | for the Orb.
     0 | D:1      | Reached XP level 1. HP: 10/10 MP: 6/6
   113 | D:1      | Reached XP level 2. HP: 15/15 MP: 5/8
   305 | D:1      | You fall into a shaft and drop 1 floor!
   336 | D:1      | Reached skill level 4 in Fire Magic
   801 | D:1      | Reached XP level 3. HP: 19/19 MP: 4/9
  1487 | D:2      | Noticed Robin
  1519 | D:2      | Found a white marble altar of Elyvilon.
  1556 | D:2      | Killed Robin
  1556 | D:2      | Reached XP level 4. HP: 19/24 MP: 0/10
  1715 | D:2      | Reached skill level 5 in Fire Magic
  1786 | D:2      | Found a faded altar of an unknown god.
  1995 | D:2      | Found a sparkling altar of Nemelex Xobeh.
  2007 | D:2      | Noticed Jessica
  2015 | D:2      | Killed Jessica
  2341 | D:3      | Reached XP level 5. HP: 28/28 MP: 8/11
  2395 | D:3      | Reached skill level 6 in Fire Magic
  2469 | D:3      | Learned a level 4 spell: Sticky Flame
  2540 | D:3      | Found an opulent altar of Gozag.
  2603 | D:3      | Found a one-way gate to the infinite horrors of the Abyss.
  2603 | D:3      | Noticed ijan1's ghost (amateur SpEn)
  2607 | D:3      | Found a transporter.
  2607 | D:3      | Noticed a small abomination
  2685 | D:3      | Found a transporter.
  3060 | D:3      | Reached XP level 6. HP: 21/32 MP: 0/12
  3447 | D:3      | HP: 1/32 [ijan1's ghost (3)]
  3447 | D:3      | Demolished by a small abomination

Illustrated notes

Levels and vault maps discovered:
D:1:      dpeg_arrival_court, layout_rooms
D:2:      layout_basic, old_standard_altar, chequers_ecumenical_altar_simple,
          minivault_23, lemuel_statue_altar, uniq_robin, uniq_jessica
D:3:      layout_loops_cross, old_standard_altar, serial_glass, glass_columns_a,
          glass_columns_c, gammafunk_ghost_abyssal_escape

Skill      XL: |  1  2  3  4  5 |
---------------+----------------+-----
Fire Magic     | 4 5 6 |  6.4
Conjurations   | 2 3 |  3.9
Dodging        | |  2.4
Stealth        | |  2.4
Spellcasting   | |  3.0

Action                   |  1- 3 |  4- 6 || total
-------------------------+-------+-------++-------
Melee: Dagger            |    39 |     5 ||    44
       Rapier            |       |    13 ||    13
       Falchion          |       |     1 ||     1
 Cast: Foxfire           |    61 |    76 ||   137
       Sticky Flame      |       |     2 ||     2
  Use: Potion            |     1 |     1 ||     2
       Scroll            |       |     2 ||     2
 Stab: Sleeping          |     1 |     1 ||     2
       Invisible         |     1 |       ||     1
  Eat: Chunk             |     2 |     5 ||     7
       Ration            |       |     1 ||     1
Armor: Robe              |    15 |     8 ||    23
       Skin              |     4 |       ||     4
Dodge: Dodged            |    52 |    28 ||    80
       Rpst.: Falchion   |       |     2 ||     2
